Map: Vigía EE

Players

Isaac

  • Race: Protoss Protoss
  • League: Silver
  • Spawn Location: 5:00

CountDooku

  • Race: Terran Terran
  • League: Silver
  • Spawn Location: 6:00

GoldFishyy

  • Race: Terran Terran
  • Spawn Location: 5:00

MrFercho - Winner!

  • Race: Zerg Zerg
  • League: Silver
  • Spawn Location: 9:00

tigro - Winner!

  • Race: Terran Terran
  • League: Bronze
  • Spawn Location: 9:00

TATORREA - Winner!

  • Race: Protoss Protoss
  • League: Silver
  • Spawn Location: 12:00

VOD

Have the link to the VOD?

Description

Time

  • Played on: June 23, 2020, 8:20 p.m.
  • Length: 17:21
Show
View Real Time Build Order
Export as new Build Order

Isaac Protoss 

Build Orders: 1 Gate Expand 

Get SALT Encoding   

  12  0:01  Probe  
  13  0:13  Probe  
  14  0:25  Probe, Pylon  
  15  0:43  Probe, Assimilator  
  16  0:51  Gateway  
  16  0:55  Probe  
  17  1:06  Probe  
  18  1:14  Probe  
  19  1:22  Probe  
  20  1:36  Nexus  
  20  1:40  Probe  
  21  1:55  Probe  
  22  2:05  Cybernetics Core  
  22  2:07  Probe  
  23  2:23  Warp Gate  
  23  2:26  Probe  
  23  2:34  Assimilator  
  23  2:48  Probe, Adept  
  26  2:52  Pylon  
  26  2:59  Pylon  
  26  3:06  Pylon  
  26  3:16  Nexus  
  26  3:22  Probe x2  
  28  3:34  Probe x2  
  29  3:36  Robotics Facility  
  29  3:38  Robotics Facility  
  30  3:46  Probe x2, Pylon  
  32  3:55  Gateway  
  32  3:58  Probe x2  
  34  4:10  Probe x2  
  36  4:22  Probe x2  
  38  4:27  Observer x2  
  38  4:29  Stalker  
  42  4:37  Probe x3  
  45  4:40  Gateway  
  45  4:42  Assimilator, Gateway  
  45  4:46  Assimilator  
  45  4:49  Probe x2  
  45  4:52  Sentry  
  49  5:12  Probe x3  
  52  5:17  Immortal x2  
  60  5:24  Probe x2  
  60  5:27  Gateway  
  62  5:39  Probe x2  
  62  5:40  Probe  
  65  5:51  Probe  
  65  5:52  Probe x2  
  65  5:54  Gateway  
  65  5:56  Gateway, Forge  
  68  5:58  Gateway  
  68  5:59  Forge  
  68  6:03  Probe  
  68  6:04  Probe x2, Pylon  
  70  6:05  Observer  
  70  6:06  Pylon  
  71  6:16  Pylon  
  71  6:24  Pylon  
  71  6:28  Protoss Ground Weapons Level 1  
  71  6:29  Protoss Shields Level 1  
  71  6:32  Probe x3  
  74  6:37  Assimilator  
  74  6:39  Immortal x2  
  82  6:40  Assimilator  
  82  6:44  Probe x2  
  82  6:45  Robotics Facility  
  85  6:48  Robotics Bay  
  84  7:02  Probe x3  
  87  7:11  Stalker  
  87  7:12  Stalker  
  87  7:14  Probe x3  
  94  7:18  Immortal  
  94  7:21  Pylon  
  98  7:23  Pylon  
  98  7:26  Probe  
  99  7:36  Pylon  
  99  7:41  Twilight Council  
  99  7:42  Immortal  
  99  7:43  Colossus  
  109  7:56  Colossus  
  115  8:05  Shield Battery  
  115  8:07  Shield Battery  
  115  8:11  Shield Battery  
  115  8:13  Pylon  
  115  8:18  Shield Battery  
  115  8:20  Photon Cannon  
  115  8:21  Photon Cannon  
  115  8:25  Photon Cannon  
  115  8:26  Templar Archives  
  115  8:34  Shield Battery  
  115  8:36  Pylon  
  115  8:40  Photon Cannon  
  115  8:42  Immortal x2  
  115  8:45  Photon Cannon  
  123  8:49  Shield Battery  
  123  8:50  Colossus  
  129  9:01  Protoss Shields Level 2  
  129  9:04  Pylon, Protoss Ground Armor Level 1  
  129  9:05  Zealot x3  
  129  9:08  Pylon  
  135  9:12  Pylon  
  135  9:15  Nexus  
  135  9:25  Shield Battery  
  135  9:28  Colossus x2  
  135  9:29  Shield Battery, Psionic Storm  
  147  9:32  Charge  
  147  9:55  Sentry x3  
  153  10:00  Zealot x5  
  163  10:10  Immortal  
  167  10:30  Zealot x2  
  171  10:43  Forge  
  171  10:47  Gateway x2  
  171  10:51  Pylon  
  171  10:54  High Templar  
  171  10:55  High Templar x4  
  171  10:56  Pylon, High Templar  
  183  10:59  Pylon  
  183  11:01  Pylon  
  183  11:04  Pylon  
  183  11:07  Archon x3  
  183  11:13  Pylon  
  183  11:15  Zealot  
  183  11:17  Pylon x2  
  185  11:20  Pylon  
  185  11:22  Pylon  
  185  11:38  Gateway x2  
  185  11:44  Assimilator, Gateway  
  185  11:46  Gateway  
  185  11:49  Gateway x2, High Templar x3  
  185  11:50  High Templar x3  
  185  11:51  Protoss Ground Weapons Level 2  
  185  11:53  Assimilator, High Templar  
  199  12:08  Archon  
  199  12:09  Archon x2  
  183  12:38  Observer  
  183  13:05  Warp Prism  
  183  13:06  Warp Prism  
  183  13:08  Immortal  
  191  13:48  High Templar x2  
  122  15:00  Cybernetics Core  
  68  15:56  Nexus  
  59  16:00  Pylon  
  59  16:03  Pylon  
  39  16:04  Pylon  
  39  16:07  Pylon  
  39  16:10  Pylon  
  39  16:11  Pylon  
  31  16:15  Nexus  
  31  16:18  Pylon  
  31  16:23  Pylon  
  31  16:28  Pylon  
  31  16:36  Stargate  
  31  16:38  Stargate  
  31  16:39  Stargate  
  31  16:42  Stargate  
  31  16:45  Stargate  
  31  16:48  Stargate  
Show
View Real Time Build Order
Export as new Build Order

CountDooku Terran 

Build Orders:  

Get SALT Encoding   

  12  0:01  SCV  
  13  0:25  Supply Depot  
  13  0:29  SCV  
  13  0:32  Refinery  
  14  0:41  SCV  
  15  0:48  Supply Depot  
  15  0:54  Engineering Bay  
  15  1:10  SCV  
  16  1:18  Supply Depot  
  16  1:22  SCV  
  16  1:24  Refinery  
  17  1:30  Barracks  
  17  2:19  Orbital Command  
  16  2:33  Command Center  
  16  2:38  Barracks Reactor  
  16  2:47  Factory  
  16  2:52  SCV  
  17  3:04  SCV  
  18  3:17  SCV  
  18  3:19  Marine  
  18  3:20  Marine  
  20  3:29  SCV  
  20  3:34  Factory Tech Lab  
  21  3:41  SCV  
  21  3:45  Starport  
  21  3:46  Marine  
  21  3:47  Marine  
  24  3:53  SCV  
  25  4:00  Orbital Command  
  25  4:11  Supply Depot  
  25  4:12  SCV  
  26  4:17  Marine x2  
  28  4:24  SCV  
  28  4:27  Siege Tank  
  32  4:33  SCV  
  32  4:36  SCV  
  34  4:46  SCV  
  34  4:49  SCV  
  34  4:51  Marine x2  
  38  4:58  Terran Infantry Weapons Level 1  
  41  5:00  Siege Tank  
  41  5:01  Starport Reactor  
  41  5:09  Marine x2  
  41  5:11  Supply Depot  
  41  5:12  SCV  
  44  5:14  SCV  
  44  5:19  Refinery  
  45  5:25  SCV  
  45  5:26  SCV, Marine  
  45  5:27  Marine  
  49  5:32  Siege Tank  
  52  5:44  Marine x2  
  54  6:00  Medivac x2  
  54  6:02  SCV, Marine x2  
  61  6:05  SCV  
  62  6:14  Supply Depot  
  62  6:17  Supply Depot  
  62  6:36  SCV x2, Siege Tank  
  67  6:47  Supply Depot  
  67  6:48  SCV x2  
  67  6:52  Terran Infantry Armor Level 1  
  69  6:56  Barracks  
  69  7:00  SCV x2  
  71  7:07  Starport  
  71  7:12  SCV x2  
  73  7:17  Factory  
  73  7:22  Armory  
  73  7:26  Supply Depot, Siege Tank  
  73  7:27  Marine x2  
  78  7:32  Liberator x2  
  84  7:40  Refinery  
  84  7:45  Marine x2  
  86  7:58  Siege Tank  
  89  7:59  Command Center  
  89  8:03  Marine x2  
  91  8:06  Factory Reactor  
  91  8:09  Barracks Tech Lab  
  91  8:10  Starport Tech Lab  
  91  8:13  SCV  
  91  8:17  SCV  
  93  8:21  Marine x2  
  93  8:25  SCV  
  96  8:29  SCV  
  96  8:30  Stimpack, Siege Tank  
  96  8:34  Marauder  
  102  8:56  Raven  
  102  8:57  Marauder  
  102  8:58  Supply Depot  
  102  9:02  Supply Depot  
  106  9:04  Supply Depot  
  106  9:07  Supply Depot  
  106  9:11  Supply Depot  
  106  9:18  Marauder  
  108  9:29  Siege Tank  
  111  9:32  Widow Mine x2  
  115  9:38  Marine x2  
  115  9:40  Marauder  
  84  9:52  Viking x2  
  119  9:53  Widow Mine x2  
  119  9:56  Marine x2  
  129  10:01  Marauder  
  129  10:02  Siege Tank  
  134  10:10  Concussive Shells  
  134  10:14  Orbital Command  
  134  10:22  Medivac x2, Marauder  
  140  10:30  SCV x2  
  142  10:42  SCV x2  
  144  10:51  SCV  
  144  10:52  Combat Shield  
  144  10:54  SCV x2  
  147  11:02  Refinery  
  147  11:03  SCV  
  148  11:05  Refinery  
  148  11:06  Marine x2  
  148  11:10  Liberator  
  148  11:11  Liberator  
  156  11:12  Siege Tank  
  159  11:24  Marine x2  
  161  11:53  Liberator x2  
  58  13:12  Viking  
  26  13:52  Command Center  
  26  13:54  Cyclone  
  29  14:23  Command Center  
  29  14:26  Cyclone  
  26  14:58  Cyclone  
  28  15:05  Command Center  
  28  15:18  Command Center  
  28  15:30  Cyclone  
  31  15:36  Command Center  
  31  15:50  Command Center  
  31  16:03  Cyclone  
  34  16:28  SCV  
  34  16:29  Engineering Bay  
Show
View Real Time Build Order
Export as new Build Order

GoldFishyy Terran 

Build Orders:  

Get SALT Encoding   

  12  0:22  Supply Depot  
  12  0:36  Supply Depot  
  12  1:00  Barracks  
  12  1:28  Refinery  
  12  1:29  SCV  
  12  1:31  Refinery  
  13  1:41  SCV  
  14  1:54  SCV  
  15  2:04  Marine  
  16  2:22  Marine  
  17  2:40  Marine  
  18  2:47  SCV  
  19  2:58  Marine  
  19  2:59  SCV  
  21  3:06  Supply Depot  
  21  3:11  SCV  
  22  3:16  Marine  
  23  3:27  SCV  
  23  3:30  Factory  
  23  3:31  Supply Depot  
  23  3:34  Marine  
  25  3:39  SCV  
  26  3:51  SCV, Marine  
  28  4:08  Supply Depot  
  28  4:09  Marine  
  29  4:22  Starport  
  29  4:31  Armory  
  29  4:55  Command Center  
  29  4:58  Orbital Command  
  29  5:08  Starport Tech Lab  
  29  5:12  Fusion Core  
  29  5:15  Factory Tech Lab  
  29  5:29  Terran Vehicle Weapons Level 1  
  29  5:43  Refinery  
  29  5:45  Siege Tank  
  32  6:14  SCV  
  33  6:20  Battlecruiser  
  39  6:26  SCV  
  40  6:38  SCV  
  41  6:50  SCV  
  42  6:59  SCV  
  43  7:03  SCV  
  43  7:07  Refinery  
  44  7:11  SCV  
  44  7:15  SCV  
  46  7:23  Terran Vehicle And Ship Armor Level 1  
  46  7:27  SCV  
  47  7:37  Battlecruiser  
  47  7:39  SCV  
  47  7:40  Weapon Refit  
  57  8:00  Thor  
  60  8:06  Supply Depot  
  60  8:09  SCV  
  61  8:21  SCV  
  62  8:28  Marine  
  62  8:33  SCV, Supply Depot  
  64  8:45  SCV  
  64  8:46  Marine  
  66  8:54  Thor  
  72  8:58  SCV  
  72  9:00  Supply Depot  
  73  9:03  Marine  
  74  9:10  SCV  
  75  9:18  Terran Ship Weapons Level 1  
  75  9:21  Marine  
  75  9:22  SCV  
  77  9:28  Factory  
  77  9:30  Supply Depot  
  77  9:31  SCV  
  77  9:34  SCV  
  77  9:37  Thor  
  85  9:43  SCV  
  86  9:52  SCV  
  87  9:54  Supply Depot  
  87  9:56  Supply Depot  
  87  9:58  Supply Depot  
  87  10:02  Supply Depot  
  87  10:04  SCV  
  88  10:16  SCV  
  89  10:43  Supply Depot  
  89  10:47  Supply Depot  
  89  10:52  Thor  
  89  10:55  Factory Tech Lab  
  95  10:58  Command Center  
  95  11:00  Refinery  
  95  11:06  Refinery  
  93  11:31  Supply Depot  
  92  11:35  Thor  
  92  11:36  Supply Depot  
  92  11:39  Battlecruiser  
  104  11:42  Thor  
  106  12:18  Siege Tank  
  98  12:25  Siege Tank  
  88  12:31  Thor x5  
  82  12:50  Thor  
  88  12:56  Raven  
  90  13:32  Thor  
  96  13:39  Raven  
  98  13:56  Thor  
  98  14:15  Siege Tank  
  101  14:21  Raven  
  43  14:59  Command Center  
  3  16:04  Command Center  
  3  16:09  Refinery  
  3  16:13  Refinery  
Show
View Real Time Build Order
Export as new Build Order

MrFercho Zerg - Winner!

Build Orders: Hatch First, Lurkers, Muta Ling Bane 

Get SALT Encoding   

  12  0:01  Drone  
  13  0:13  Drone  
  14  0:18  Overlord  
  14  0:36  Drone  
  14  0:37  Drone x2  
  17  0:53  Drone  
  18  1:13  Hatchery, Spawning Pool  
  18  1:14  Drone  
  18  1:17  Drone  
  18  1:22  Drone  
  19  1:34  Drone, Extractor  
  19  1:41  Drone  
  20  1:56  Overlord  
  20  2:06  Drone  
  21  2:14  Queen  
  23  2:16  Zergling x2  
  24  2:31  Drone x2  
  24  2:33  Queen  
  28  2:40  Spine Crawler  
  28  2:42  Drone x2  
  29  2:48  Spine Crawler  
  28  2:57  Metabolic Boost  
  28  3:00  Drone x4  
  32  3:07  Drone  
  32  3:11  Drone  
  34  3:21  Drone x2  
  36  3:30  Overlord  
  36  3:31  Overlord x2  
  36  3:40  Extractor  
  35  3:42  Extractor  
  35  3:43  Drone  
  35  3:44  Drone  
  36  3:53  Drone x5  
  36  3:55  Drone  
  42  3:59  Queen  
  44  4:08  Roach Warren  
  43  4:14  Drone x3  
  43  4:15  Drone x2  
  48  4:20  Extractor  
  48  4:21  Drone x2  
  48  4:23  Drone  
  50  4:35  Zergling x2  
  50  4:36  Zergling x2  
  52  4:47  Drone x5  
  57  5:01  Roach  
  57  5:03  Overlord  
  57  5:06  Hatchery  
  58  5:08  Drone x2  
  58  5:13  Lair  
  60  5:27  Drone x3  
  63  5:29  Drone x4  
  67  5:40  Drone x2, Baneling Nest  
  67  5:41  Hatchery  
  68  5:57  Drone  
  68  5:58  Overlord x3  
  68  5:59  Extractor  
  68  6:02  Extractor  
  66  6:06  Hatchery  
  66  6:08  Drone x2  
  67  6:14  Hydralisk Den  
  66  6:32  Roach x9  
  84  6:33  Evolution Chamber  
  84  6:37  Evolution Chamber  
  82  6:48  Drone  
  82  6:49  Drone x6  
  89  6:55  Hydralisk x4  
  89  6:59  Grooved Spines  
  97  7:05  Infestation Pit  
  96  7:09  Lurker Den  
  96  7:13  Spire  
  94  7:16  Hydralisk  
  94  7:17  Hydralisk x7  
  94  7:20  Overlord x2  
  110  7:49  Zerg Missile Weapons Level 1, Zerg Ground Armor Level 1  
  110  7:52  Hydralisk x6  
  110  7:55  Drone x2  
  110  7:56  Drone x2  
  126  8:00  Overlord x3  
  126  8:06  Hive  
  126  8:11  Muscular Augments  
  126  8:14  Centrifical Hooks  
  126  8:18  Zergling x10  
  126  8:19  Zergling x8  
  135  8:30  Overseer  
  135  8:32  Pneumatized Carapace  
  135  8:34  Burrow  
  135  8:44  Lurker x5  
  140  8:51  Drone x4  
  140  8:52  Drone x6  
  140  8:53  Overlord  
  140  8:54  Overlord x2  
  150  9:12  Baneling x7  
  150  9:13  Baneling x10  
  150  9:20  Hatchery  
  150  9:22  Extractor  
  150  9:23  Extractor  
  147  9:27  Mutalisk  
  147  9:28  Mutalisk x2  
  153  9:37  Overlord x2  
  153  9:38  Overlord x2  
  153  9:39  Overlord  
  153  9:45  Overseer  
  153  9:48  Hydralisk x5  
  163  9:56  Zerg Missile Weapons Level 2  
  163  9:59  Hydralisk x2  
  167  10:12  Drone x12  
  179  10:30  Hydralisk x7  
  193  10:51  Overseer  
  193  10:56  Hydralisk x3  
  199  10:59  Zerg Ground Armor Level 2  
  127  12:35  Hydralisk x16  
  127  12:36  Hydralisk x2  
  122  13:17  Hydralisk x17  
  122  13:18  Hydralisk x4  
  164  13:36  Corruptor  
  164  13:37  Corruptor x10  
  186  13:52  Zerg Ground Armor Level 3, Zerg Missile Weapons Level 3  
  176  13:56  Hydralisk x10  
  176  14:01  Lurker  
  181  14:06  Lurker  
  182  14:11  Zergling x2  
  182  14:12  Zergling x24  
  191  14:34  Hydralisk  
  191  14:35  Hydralisk x3  
  191  14:37  Overlord x2  
  191  14:38  Overlord x3  
  195  14:39  Overlord x2  
  195  14:40  Overlord x3  
  166  14:56  Hydralisk x9  
  166  14:57  Hydralisk x9  
  189  15:03  Hydralisk x3  
  189  15:05  Hydralisk  
  197  15:16  Mutalisk  
  197  15:17  Mutalisk  
  197  15:19  Mutalisk  
  184  15:25  Zergling x20  
  172  15:31  Hydralisk x2  
  158  15:48  Spine Crawler x2  
  156  15:56  Mutalisk x6  
  156  15:57  Mutalisk  
  162  16:06  Spine Crawler  
  161  16:14  Zergling x2  
  161  16:15  Zergling x30  
  177  16:35  Zergling x2  
  177  16:36  Zergling x12  
Show
View Real Time Build Order
Export as new Build Order

tigro Terran - Winner!

Build Orders:  

Get SALT Encoding   

  12  0:04  SCV  
  13  0:16  SCV  
  14  0:24  Supply Depot  
  14  0:28  SCV  
  15  0:37  Refinery  
  15  0:46  SCV  
  16  0:53  Barracks  
  16  1:00  SCV  
  17  1:07  Refinery  
  17  1:12  SCV  
  18  1:24  SCV  
  18  1:25  Supply Depot  
  19  1:47  Marine  
  20  2:05  Marine  
  21  2:22  Marine  
  22  2:39  SCV  
  22  2:40  Marine  
  24  2:51  SCV  
  24  2:53  Barracks  
  24  2:58  Marine  
  25  3:03  SCV  
  27  3:05  Engineering Bay  
  27  3:15  SCV  
  28  3:27  SCV  
  29  3:35  Factory  
  29  3:41  Barracks Reactor  
  29  3:43  Barracks Tech Lab  
  29  3:54  Terran Infantry Weapons Level 1  
  29  4:00  Command Center  
  29  4:02  Orbital Command  
  29  4:09  Combat Shield  
  29  4:31  Factory Tech Lab  
  29  4:44  Marine x3  
  29  4:45  Starport  
  32  5:02  Marine x3  
  35  5:14  Refinery  
  35  5:15  SCV  
  35  5:20  Marine x3  
  39  5:23  Medivac  
  39  5:27  SCV  
  39  5:28  Stimpack  
  42  5:37  Marine  
  42  5:38  Marine x2  
  42  5:39  SCV  
  42  5:41  Armory  
  46  5:45  Refinery  
  46  5:48  Terran Infantry Armor Level 1  
  46  5:51  SCV  
  46  5:56  Marine, Siege Tank  
  51  6:03  SCV  
  52  6:05  Starport Tech Lab  
  52  6:20  Starport  
  52  6:28  SCV  
  53  6:40  SCV  
  54  6:50  Fusion Core  
  54  7:00  SCV  
  55  7:07  Concussive Shells  
  55  7:08  Supply Depot  
  55  7:12  SCV, Starport Tech Lab  
  56  7:24  SCV  
  57  7:31  Supply Depot  
  57  7:42  Neosteel Armor  
  57  7:46  Weapon Refit  
  57  7:51  Medivac  
  59  7:54  Supply Depot  
  59  8:04  Battlecruiser  
  65  8:43  Thor  
  71  8:49  Command Center  
  71  8:55  Marine x3  
  74  9:06  Refinery  
  74  9:13  Marine x3  
  77  9:22  Terran Infantry Weapons Level 2  
  77  9:25  Refinery  
  77  9:27  Rapid Reignition System  
  77  9:28  Missile Turret  
  77  9:31  Marine x3  
  80  9:48  Marine  
  80  9:49  Marine x2  
  83  9:55  Missile Turret  
  83  10:18  Missile Turret  
  83  10:22  Planetary Fortress  
  83  10:23  Advanced Ballistics  
  83  10:35  Battlecruiser  
  89  10:37  Battlecruiser  
  89  10:38  Missile Turret  
  95  11:03  SCV  
  96  11:15  SCV  
  96  11:18  Missile Turret  
  97  11:27  SCV  
  98  11:38  Terran Infantry Armor Level 2  
  98  11:39  SCV  
  99  11:40  Missile Turret  
  99  11:51  SCV  
  100  12:00  Missile Turret  
  112  12:15  Battlecruiser x2  
  112  12:18  Marine  
  55  12:48  Marine x3  
  58  12:52  SCV  
  59  13:06  Marine x3  
  62  13:16  Thor  
  62  13:19  Battlecruiser  
  80  13:20  Battlecruiser  
  80  13:23  Terran Vehicle Weapons Level 1  
  80  13:24  Marine x3  
  83  13:41  Marine  
  83  13:42  Marine x2  
  79  13:59  Marine  
  68  14:24  Battlecruiser, Medivac, Marine  
  76  14:25  Marine x2  
  67  14:42  Marine  
  67  14:43  Marine x2  
  70  14:54  Medivac  
  72  15:00  Marine x3  
  75  15:18  Marine x3  
  78  15:24  Battlecruiser  
  74  15:36  Marine  
  63  15:58  Marine x3  
  66  16:15  Marine  
  66  16:16  Marine x2  
  69  16:33  Marine  
  69  16:34  Marine x2  
  72  16:48  SCV  
  72  16:51  Marine x3  
  76  17:01  SCV  
Show
View Real Time Build Order
Export as new Build Order

TATORREA Protoss - Winner!

Build Orders: Carriers 

Get SALT Encoding   

  12  0:01  Probe  
  13  0:13  Probe  
  14  0:25  Probe  
  15  0:36  Assimilator  
  15  0:37  Pylon  
  15  0:55  Probe  
  16  0:59  Gateway  
  16  1:03  Gateway  
  16  1:07  Probe  
  17  1:15  Probe  
  17  1:23  Probe  
  19  1:33  Probe  
  20  1:41  Probe  
  21  1:58  Assimilator  
  21  2:04  Probe  
  22  2:12  Probe  
  23  2:37  Pylon  
  23  2:40  Pylon  
  23  2:55  Probe  
  24  3:05  Cybernetics Core  
  24  3:07  Probe  
  24  3:08  Gateway  
  25  3:17  Nexus  
  25  3:19  Probe  
  26  3:20  Pylon  
  26  3:23  Pylon  
  26  3:27  Probe  
  27  3:35  Probe  
  28  3:44  Stalker  
  28  3:45  Probe, Stalker  
  28  3:46  Warp Gate  
  33  3:51  Robotics Facility  
  33  3:57  Probe  
  34  4:09  Probe  
  35  4:13  Stargate  
  35  4:16  Stargate  
  35  4:21  Probe  
  35  4:24  Stalker  
  38  4:33  Probe  
  38  4:34  Stalker  
  41  4:40  Probe  
  42  4:46  Probe  
  42  4:52  Probe, Assimilator  
  44  4:54  Assimilator  
  44  4:58  Probe  
  45  5:01  Stalker  
  45  5:04  Probe  
  48  5:10  Probe  
  49  5:16  Probe, Immortal  
  54  5:22  Probe  
  56  5:28  Probe  
  56  5:31  Fleet Beacon  
  56  5:34  Probe  
  57  5:40  Probe  
  58  5:46  Probe  
  59  5:52  Probe  
  60  6:00  Probe  
  60  6:02  Nexus  
  61  6:05  Pylon  
  61  6:06  Probe  
  61  6:08  Pylon  
  62  6:12  Probe  
  62  6:14  Stalker  
  62  6:15  Stalker  
  62  6:18  Probe  
  68  6:19  Stalker  
  68  6:24  Probe  
  71  6:30  Probe  
  72  6:36  Probe  
  73  6:41  Carrier  
  73  6:42  Probe  
  73  6:46  Tempest  
  85  6:48  Probe  
  86  7:06  Nexus  
  86  7:10  Pylon  
  86  7:11  Pylon  
  86  7:13  Probe x2  
  88  7:25  Pylon  
  88  7:28  Probe x2  
  88  7:29  Probe, Pylon  
  91  7:33  Pylon  
  91  7:35  Pylon  
  91  7:40  Probe, Tempest  
  91  7:41  Probe x2  
  99  7:51  Carrier  
  99  7:53  Probe x2  
  99  7:54  Probe  
  108  8:05  Probe x2, Assimilator  
  110  8:06  Probe  
  110  8:08  Assimilator  
  111  8:17  Probe x2  
  111  8:18  Probe  
  114  8:23  Carrier  
  120  8:29  Probe x2  
  120  8:30  Probe  
  124  8:41  Probe x2  
  124  8:42  Probe  
  124  8:45  Pylon  
  124  8:48  Assimilator  
  126  8:49  Pylon  
  126  8:52  Assimilator  
  126  8:53  Probe x3, Pylon  
  126  8:54  Probe, Protoss Air Weapons Level 1  
  130  9:05  Probe  
  130  9:09  Cybernetics Core  
  131  9:12  Stargate  
  131  9:16  Stargate  
  131  9:19  Probe x2  
  133  9:25  Carrier  
  133  9:27  Tempest  
  144  9:33  Nexus  
  144  9:35  Pylon  
  144  9:36  Pylon  
  144  9:58  Cybernetics Core  
  144  9:59  Assimilator  
  144  10:01  Tempest, Carrier  
  144  10:04  Assimilator  
  155  10:10  Tempest  
  160  10:29  Carrier  
  166  10:38  Gateway  
  166  10:40  Gateway  
  166  10:42  Gateway  
  166  10:44  Carrier  
  166  10:45  Gateway  
  166  10:48  Gateway  
  172  10:52  Tempest, Protoss Air Armor Level 1  
  172  10:53  Gateway  
  172  10:56  Gateway  
  177  11:00  Gateway  
  177  11:05  Carrier  
  177  11:08  Protoss Air Weapons Level 2  
  183  11:33  Carrier  
  183  11:35  Tempest  
  194  11:48  Carrier  
  180  12:37  Tempest  
  185  12:58  Tempest, Carrier  
Tags
 
Add a new tag
Caveats
  • Supply blocks, unpowered buildings, or Contaminate may cause inaccurate times.
  • Supply counts are checked every 10 seconds.